 Dungeon Crawl Stone Soup version 0.29-a0-330-g52719c12eb (webtiles) character file.

Game seed: 10510534977957832363

144413 Soel the Brawler (level 17, 0/166 HPs)
             Began as a Ghoul Monk on Apr 19, 2022.
             Was the Champion of Makhleb.
             Slain by a meliai
             ... wielding a +0 hand axe
              (8 damage)
             ... on level 4 of the Spider Nest on Apr 20, 2022.
             The game lasted 03:24:04 (45018 turns).

Soel the Brawler (Ghoul Monk)                      Turns: 45018, Time: 03:24:04

Health: 0/166      AC: 35    Str: 29    XL:     17   Next: 39%
Magic:  0/23       EV:  9    Int:  8    God:    Makhleb [******]
Gold:   2044       SH: 20    Dex: 11    Spells: 16/16 levels left

rFire   . . .      SeeInvis .     - Unarmed
rCold   + . .      Faith    .   N - +1 kite shield {AC+3}
rNeg    + + +      Spirit   +   U - +7 chain mail of the Moon {+Blink Will+ rCorr}
rPois   ∞          Reflect  .   W - +0 helmet
rElec   .          Harm     .   G - +2 cloak
rCorr   +          Rampage  .   (no gloves)
Will    ++...                   Q - +4 pair of boots "Guryeq" {rN+++ Int+3}
Stlth   ..........              c - brooch of Shielding {Spirit SH+8}
HPRegen 0.00/turn               u - +4 ring of protection
MPRegen 0.18/turn               h - +6 ring of strength

@: inhibited regen, studying Fighting
A: claws 1, cold resistance 1, negative energy resistance 3, inhibited
regeneration, torment resistance 2, devour on kill
a: Renounce Religion, Evoke Blink, Minor Destruction, Lesser Servant of Makhleb,
Major Destruction, Greater Servant of Makhleb


You were on level 4 of the Spider Nest.
You worshipped Makhleb.
Makhleb was exalted by your worship.
You visited 5 branches of the dungeon, and saw 28 of its levels.
You also visited: Bailey and Gauntlet.

You collected 2924 gold pieces.
You spent 880 gold pieces at shops.

Inventory:

Missiles
 J - 21 poisoned darts (quivered)
 T - 11 atropa-tipped darts
 X - 3 datura-tipped darts
Armour
 G - a +2 cloak (worn)
 N - a +1 kite shield of protection (worn)
 Q - the +4 pair of boots "Guryeq" (worn) {rN+++ Int+3}
   (You found it on level 8 of the Dungeon)

   Int:       It affects your intelligence (+3).
   rN:        It renders you almost immune to negative energy.
 U - the +7 chain mail of the Moon (worn) {+Blink Will+ rCorr}
   (You took it off an orc warrior on level 7 of the Dungeon)

   +Blink:    It lets you blink.
   rCorr:     It protects you from acid and corrosion.
   Will:      It increases your willpower.
 W - a +0 helmet (worn)
Jewellery
 c - the brooch of Shielding (around neck) {Spirit SH+8}
   (You found it on level 6 of the Lair of Beasts)

   [amulet of guardian spirit]

   It causes incoming damage to be divided between your reserves of health and
   magic.
   SH:        It affects your SH (+8).
 h - a +6 ring of strength (right claw)
 u - a +4 ring of protection (left claw)
 E - a ring of flight
 I - the amulet "Umnuzoogg" {Faith Fragile rElec Dex+6}
   (You found it in a Gauntlet)

   [amulet of faith]

   It allows you to gain divine favour quickly.
   Dex:       It affects your dexterity (+6).
   rElec:     It insulates you from electricity.
   Fragile:   It will be destroyed if unequipped.
 O - a ring of protection from fire
 V - an amulet of regeneration
 Z - a ring of protection from cold
Wands
 m - a wand of flame (46)
 o - a wand of iceblast (32)
 q - a wand of polymorph (10)
 v - a wand of paralysis (7)
 w - a wand of digging (3)
 D - a wand of mindburst (31)
 L - a wand of acid (16)
 Y - a wand of charming (14)
Scrolls
 d - 3 scrolls of summoning
 e - 13 scrolls of teleportation
 f - a scroll of blinking
 i - 4 scrolls of fear
 j - 5 scrolls of enchant armour
 k - 5 scrolls of amnesia
 s - 5 scrolls of fog
 y - 2 scrolls of torment
 C - 6 scrolls of magic mapping
 H - a scroll of enchant weapon {unknown}
 S - 3 scrolls of silence
Potions
 a - a potion of flight
 b - 2 potions of ambrosia
 g - 14 potions of curing
 l - a potion of heal wounds
 n - 3 potions of magic
 p - 5 potions of invisibility
 r - 3 potions of might
 t - a potion of brilliance {unknown}
 x - a potion of cancellation {unknown}
 z - a potion of haste {unknown}
 A - a potion of berserk rage {unknown}
 B - a potion of resistance {unknown}
Miscellaneous
 K - a lightning rod (4/4)
 P - a condenser vane
 R - a piece from Xom's chessboard (15/15)


   Skills:
 + Level 18.4 Fighting
 - Level 10.0 Armour
 - Level 3.0 Dodging
 - Level 3.0 Stealth
 + Level 11.3 Shields
 + Level 18.7 Unarmed Combat
 - Level 10.0 Invocations
 + Level 9.4 Evocations


You had 16 spell levels left.
You didn't know any spells.
Your spell library contained the following spells:

 Spells                   Type           Power      Damage    Failure   Level
 Freeze                   Ice            0%         1d3       98%         1
 Shock                    Conj/Air       0%         1d3       98%         1
 Sting                    Tmut/Pois      0%         1d3       98%         1
 Poisonous Vapours        Pois/Air       0%         N/A       99%         2
 Static Discharge         Conj/Air       0%         N/A       99%         2
 Frozen Ramparts          Ice            0%         1d2       100%        3
 Swiftness                Air            0%         N/A       100%        3
 Tukima's Dance           Hex            0%         N/A       100%        3
 Airstrike                Air            0%         N/A       100%        4
 Anguish                  Hex/Necr       0%         N/A       100%        4
 Dispel Undead            Necr           0%         3d6       100%        4
 Hailstorm                Conj/Ice       0%         3d3       100%        4
 Olgreb's Toxic Radiance  Pois           0%         N/A       100%        4
 Passage of Golubria      Tloc           0%         N/A       100%        4
 Sticky Flame             Conj/Fire      0%         2d3       100%        4
 Irradiate                Conj/Tmut      0%         3d13      100%        5
 Yara's Violent Unravell  Hex/Tmut       0%         3d3       100%        5
 Enfeeble                 Hex            0%         N/A       100%        7
 Blade Hands              Tmut           Unusable   N/A       N/A         5
 Dragon Form              Tmut           Unusable   N/A       N/A         7

Dungeon Overview and Level Annotations

Branches:
Dungeon (15/15)            Temple (1/1) D:4            Lair (6/6) D:9
  Swamp (0/4) Lair:2       Spider (4/4) Lair:2        Slime (0/5) Lair:5
    Orc (2/2) D:12            Elf (0/3) Orc:2        Vaults (0/5) D:14
 Depths (0/4) D:15         Bailey (visited)         Gauntlet (visited)

Altars:
Ashenzari
Cheibriados
Dithmenos
Elyvilon
Fedhas
Gozag
Hepliaklqana
Kikubaaqudgha
Makhleb
Nemelex Xobeh
Okawaru
Qazlal
Ru
Sif Muna
Trog
Uskayaw
Vehumet
Wu Jian
Xom
Yredelemnul
Zin
The Shining One
Beogh

Shops:
D:7 :   Orc:2 ((:?

Portals:
Abyss: D:3

Annotations:
D:9 Passwall


Innate Abilities, Weirdness & Mutations

You are immune to poison.
You have sharp fingernails.
Your flesh is cold resistant. (rC+)
You are immune to negative energy. (rN+++)
You do not regenerate when monsters are visible.
You are immune to unholy pain and torment.
You thrive by killing the living.


Message History

You block the meliai's attack. The meliai hits you with a +0 hand axe.
The meliai barely misses you. The meliai hits you but does no damage.
The meliai stings you but does no damage.
The meliai invokes the aid of its god against you.
Something smites you! The meliai hits you with a +0 hand axe!
You block the meliai's attack. x3
The meliai closely misses you. You block the meliai's attack.
The meliai attacks as you move away! You block the meliai's attack. x2
The meliai attacks as you move away! The meliai closely misses you.
The meliai stings you but does no damage.
The meliai closely misses you.
The meliai stings you but does no damage.
You block the meliai's attack. The meliai closely misses you. x2
The meliai stings you but does no damage.
The meliai attacks as you move away! The meliai hits you with a +0 hand axe.
You block the meliai's attack. The meliai attacks as you move away!
The meliai hits you with a +0 hand axe. The meliai stings you.
* * * LOW HITPOINT WARNING * * *
The meliai calls down the wrath of its god upon you.
Something smites you!
* * * LOW HITPOINT WARNING * * *
You feel much better. You block the meliai's attack. The meliai stings you.
The meliai mumbles some strange prayers to its god against you.
Something smites you!
* * * LOW HITPOINT WARNING * * *
The meliai invokes the aid of its god against you.
Something smites you!
* * * LOW HITPOINT WARNING * * *
Blink to where?
Press: ? - help, Dir - move target
As you read the scroll of blinking, it crumbles to dust.
The meliai invokes the aid of its god against you.
Something smites you!
* * * LOW HITPOINT WARNING * * *
The meliai mumbles some strange prayers to its god against you.
Something smites you!
* * * LOW HITPOINT WARNING * * *
There is a stone staircase leading up here.
The meliai hits you with a +0 hand axe!
You die...

#^....^###
#......##
#.......#
#...#..##
#...####
#...#..# #
##.y...#...#
#y....^....
#y@#......#
####.....^.
^......
......#
.......
^......
......#


You could see 3 meliai.

Vanquished Creatures
  Nikola (Spider:3)
  Arachne (Spider:3)
  A ghost moth (Spider:2)
  An orc warlord (Orc:1)
  An emperor scorpion (Spider:4)
  Louise (Spider:2)
  3 broodmothers
  Nessos (D:14)
  Azrael (D:12)
  2 spark wasps
  A minotaur (Gauntlet)
  2 fire dragons
  8 entropy weavers
  An ice dragon (Lair:3)
  9 hydras
  A great orb of eyes (D:15)
  A jorogumo (Spider:3)
  3 radroaches
  Erolcha (Orc:2)
  6 boulder beetles
  4 catoblepae
  A ghost crab (Gauntlet)
  2 ogre magi
  3 centaur warriors
  6 two-headed ogres
  9 death yaks
  2 orc high priests (Orc:1)
  Urug (D:14)
  4 skeletal warriors (D:15)
  2 pharaoh ants
  Amaemon (Lair:2)
  4 steelbarb worms
  The ghost of VincentAMV the Chopper, a novice GrFi of the Shining One (D:7)
  3 orc knights
  2 orb spiders
  7 manticores
  21 wolf spiders
  12 orc sorcerers (Orc:2)
  2 deep elf pyromancers
  15 ugly things
  3 moths of wrath
  5 cyclopes
  2 torpor snails (Spider:3)
  An ice statue (Lair:3)
  A smoke demon (Gauntlet)
  Joseph (D:8)
  11 cane toads
  An orange demon (Lair:2)
  6 gargoyles
  Maggie (D:7)
  11 rime drakes
  5 demonic crawlers
  An efreet (D:15)
  A komodo dragon (Lair:1)
  2 tengu conjurers (D:14)
  11 meliai
  6 polar bears
  A troll (D:11)
  A tyrant leech (Lair:2)
  A queen bee (shapeshifter) (D:15)
  5 tarantellas
  A slime creature (shapeshifter) (D:15)
  6 slime creatures
  The ghost of kae the Firebug, an amateur OpFE (D:3)
  22 blink frogs
  17 jumping spiders
  Sigmund (D:3)
  3 vampires
  5 fire elementals (D:12)
  2 shadows
  A wyvern (Lair:5)
  Eustachio (D:5)
  2 wraiths
  84 yaks
  9 culicivoras
  Grum (D:9)
  A basilisk (D:14)
  16 humans (D:14)
  9 steam dragons
  A small abomination (D:3)
  36 redbacks
  A vampire mosquito (D:6)
  2 acid dragons
  2 wargs
  4 swamp worms (Lair:2)
  9 water moccasins
  3 hell hounds (D:12)
  9 ice beasts
  21 orc warriors
  A meliai simulacrum (D:14)
  2 sky beasts
  3 black bears
  10 ogres
  16 wolves
  7 centaurs
  2 phantoms
  6 bullfrogs
  8 necrophages
  3 gnoll sergeants
  6 scorpions
  17 killer bees
  A howler monkey (D:7)
  4 crimson imps
  5 hounds
  3 jellies
  A gnoll shaman (D:7)
  11 orc priests
  29 orc wizards
  An iguana (D:5)
  11 adders
  21 gnolls
  A shadow imp (D:4)
  6 white imps
  3 ufetubi
  A worm (D:2)
  3 dart slugs
  72 orcs
  8 endoplasms
  6 giant cockroaches
  16 goblins
  5 hobgoblins
  8 jackals
  6 kobolds
  5 quokkas
  5 ball pythons
  10 bats
  2 frilled lizards
  6 rats
  2 butterflies
828 creatures vanquished.

Vanquished Creatures (others)
  A torpor snail (Spider:1)
  Ijyb (D:5)
  An orc wizard (Orc:2)
  4 demonic plants (Gauntlet)
  23 fungi
  54 plants
  15 withered plants
99 creatures vanquished.

Grand Total: 927 creatures vanquished

Notes
Turn   | Place    | Note
-------+----------+-------------------------------------------
     0 | D:1      | Soel the Ghoul Monk began the quest for the Orb.
     0 | D:1      | Reached XP level 1. HP: 19/19 MP: 0/0
   107 | D:1      | Reached XP level 2. HP: 21/26 MP: 1/1
   538 | D:1      | Reached XP level 3. HP: 31/31 MP: 2/2
   850 | D:1      | Found a faded altar of an unknown god.
  1050 | D:1      | Reached skill level 1 in Shields
  2000 | D:3      | Noticed Sigmund
  2066 | D:3      | Reached XP level 4. HP: 40/40 MP: 3/3
  2266 | D:3      | Found a transporter.
  2295 | D:2      | Reached XP level 5. HP: 27/46 MP: 4/4
  2796 | D:3      | Killed Sigmund
  2797 | D:3      | Reached skill level 5 in Unarmed Combat
  2797 | D:3      | Reached XP level 6. HP: 16/53 MP: 5/5
  3329 | D:3      | Found a one-way gate to the infinite horrors of the Abyss.
  3330 | D:3      | Noticed kae's ghost (amateur OpFE)
  3333 | D:3      | Noticed a small abomination
  3368 | D:3      | Found a transporter.
  3388 | D:3      | Identified the +4 ring mail of Okawaru's Scorn {+Blink}
  3625 | D:4      | Found a staircase to the Ecumenical Temple.
  3631 | Temple   | Entered the Ecumenical Temple
  4027 | Temple   | Became a worshipper of Makhleb the Destroyer
  4027 | Temple   | Reached * piety under Makhleb
  4027 | Temple   | Reached ** piety under Makhleb
  4612 | D:4      | Reached XP level 7. HP: 60/60 MP: 6/6
  4688 | D:4      | Reached skill level 5 in Fighting
  4688 | D:4      | Reached skill level 1 in Invocations
  4948 | D:5      | Entered Level 5 of the Dungeon
  5383 | D:5      | Paralysed by an orc wizard for 2 turns
  5388 | D:5      | Reached XP level 8. HP: 65/69 MP: 8/8
  5823 | D:5      | Noticed Eustachio
  5842 | D:5      | Killed Eustachio
  6353 | D:5      | Noticed Ijyb
  6354 | D:5      | Reached *** piety under Makhleb
  6367 | D:5      | Killed Ijyb
  7901 | D:6      | Reached XP level 9. HP: 78/78 MP: 9/11
  8119 | D:6      | Found a runed translucent door.
  8125 | D:6      | Found a runed translucent door.
  8774 | D:7      | Found Qech's Book Boutique.
  8804 | D:7      | Noticed Maggie
  8827 | D:7      | Killed Maggie
  9035 | D:7      | Reached skill level 5 in Shields
  9035 | D:7      | Reached skill level 5 in Invocations
  9060 | D:7      | Found a runed translucent gate.
  9061 | D:7      | Identified the +7 chain mail of the Moon {+Blink Will+
                  | rCorr}
  9062 | D:7      | Found a runed translucent gate.
  9062 | D:7      | Noticed VincentAMV's ghost (novice GrFi)
  9063 | D:7      | Found a runed translucent gate.
  9411 | D:7      | Reached skill level 1 in Armour
  9461 | D:7      | Reached skill level 10 in Unarmed Combat
  9774 | D:3      | Killed kae's ghost
  9800 | D:3      | Reached XP level 10. HP: 88/88 MP: 12/12
 10257 | D:8      | Found a flagged portal.
 10264 | Bailey   | Entered a bailey
 10636 | Bailey   | Noticed an orc knight
 10733 | Bailey   | Reached **** piety under Makhleb
 11040 | Bailey   | HP: 4/89 [orc knight/+0 trident (13)]
 11044 | Bailey   | Killed an orc knight
 11620 | Bailey   | Identified the +1 fire dragon scales "Daode Syuta" {Rampage
                  | rF++ rC- MP+9}
 11620 | Bailey   | Identified the ring "Kaar" {Fire Int+4}
 11931 | D:8      | Noticed Joseph
 12141 | D:8      | Identified the +4 pair of boots "Guryeq" {rN+++ Int+3}
 12551 | D:8      | Killed Joseph
 13096 | D:9      | Noticed a two-headed ogre
 13108 | D:9      | Killed a two-headed ogre
 13109 | D:9      | Reached XP level 11. HP: 48/97 MP: 14/14
 13376 | D:9      | Noticed Grum
 13391 | D:9      | Killed Grum
 13848 | D:9      | Noticed a green ugly thing
 14205 | D:9      | Found a staircase to the Lair.
 14417 | D:10     | Entered Level 10 of the Dungeon
 14629 | D:10     | Noticed a two-headed ogre
 14665 | D:10     | Killed a two-headed ogre
 15011 | D:10     | Found a stormy altar of Qazlal.
 15566 | D:10     | Reached skill level 10 in Fighting
 15583 | D:10     | Reached skill level 1 in Evocations
 16488 | Lair:1   | Entered Level 1 of the Lair of Beasts
 16830 | Lair:1   | Reached XP level 12. HP: 82/106 MP: 16/16
 16858 | Lair:1   | Reached ***** piety under Makhleb
 17700 | Lair:1   | Identified the +6 short sword of Jecodi {drain, rF+ Str+2}
 17847 | Lair:2   | Found a stormy altar of Qazlal.
 17883 | Lair:2   | Found a hole to the Spider Nest.
 18520 | Lair:2   | Noticed Amaemon
 19161 | Lair:2   | Killed Amaemon
 19340 | Lair:2   | Noticed a seven-headed hydra
 19340 | Lair:2   | Noticed a four-headed hydra
 19341 | Lair:2   | Found a staircase to the Swamp.
 19975 | Lair:2   | Killed a four-headed hydra
 20411 | Lair:3   | Noticed a death yak
 20411 | Lair:3   | Noticed a death yak
 20411 | Lair:3   | Noticed a death yak
 20422 | Lair:2   | Killed a death yak
 20961 | Lair:2   | Killed a seven-headed hydra
 20962 | Lair:2   | Reached XP level 13. HP: 62/116 MP: 18/18
 21202 | Lair:3   | Noticed an ice dragon
 21207 | Lair:3   | Reached skill level 10 in Shields
 21509 | Lair:3   | Killed an ice dragon
 24139 | Lair:4   | Reached skill level 10 in Invocations
 24622 | Lair:4   | Identified the -5 pair of boots "Asorch" {Int+3}
 25019 | Lair:5   | Found a staircase to the Slime Pits.
 26418 | Lair:6   | Entered Level 6 of the Lair of Beasts
 26598 | Lair:6   | Reached skill level 5 in Armour
 26598 | Lair:6   | Reached skill level 5 in Evocations
 26604 | Lair:6   | Found the brooch of Shielding {Spirit SH+8}
 26633 | Lair:6   | Reached XP level 14. HP: 126/127 MP: 20/20
 26975 | Lair:5   | Reached skill level 15 in Unarmed Combat
 28203 | Lair:6   | Reached ****** piety under Makhleb
 29494 | D:7      | Killed VincentAMV's ghost
 30463 | D:11     | You fall into a shaft and drop 3 floors!
 30478 | D:14     | Noticed Urug
 30501 | D:14     | Killed Urug
 30611 | D:14     | Noticed Nessos
 30619 | D:14     | Found a gate to the Vaults.
 30630 | D:14     | Killed Nessos
 30724 | D:14     | Reached XP level 15. HP: 139/139 MP: 21/21
 30954 | D:14     | Found a gate leading to a gauntlet.
 30965 | Gauntlet | Entered a Gauntlet
 30965 | Gauntlet | Found a transporter.
 30965 | Gauntlet | Found a transporter.
 30974 | Gauntlet | Found a transporter.
 30991 | Gauntlet | Found a transporter.
 31010 | Gauntlet | Found a transporter.
 31026 | Gauntlet | Found a transporter.
 31113 | Gauntlet | Found a transporter.
 31128 | Gauntlet | Found a transporter.
 31142 | Gauntlet | Found a transporter.
 31155 | Gauntlet | Found a transporter.
 31171 | Gauntlet | Found a transporter.
 31238 | Gauntlet | Found a transporter.
 31645 | Gauntlet | Found a transporter.
 31717 | Gauntlet | Found a transporter.
 31725 | Gauntlet | Identified the amulet "Umnuzoogg" {Faith Fragile rElec
                  | Dex+6}
 31953 | Gauntlet | Identified the +3 mace of the Ecumenical Temple {vorpal,
                  | rPois rCorr Dex+2}
 32158 | D:12     | Found a staircase to the Orcish Mines.
 32208 | D:12     | Noticed Azrael
 32223 | D:12     | Reached skill level 15 in Fighting
 32255 | D:12     | Killed Azrael
 35082 | D:15     | Entered Level 15 of the Dungeon
 36001 | D:15     | Found a staircase to the Depths.
 36743 | Orc:1    | Entered Level 1 of the Orcish Mines
 36769 | Orc:1    | Found a transporter.
 37149 | Orc:1    | Found a transporter.
 37300 | Orc:1    | Noticed an orc warlord
 37373 | Orc:2    | Entered Level 2 of the Orcish Mines
 37406 | Orc:2    | Found a staircase to the Elven Halls.
 37814 | Orc:2    | Reached XP level 16. HP: 151/151 MP: 22/22
 37890 | Orc:2    | Found Leaf's Book Shop.
 37922 | Orc:2    | Bought a manual of Fighting for 880 gold pieces
 37977 | Orc:2    | Found Meys's Antique Weapon Boutique.
 38005 | Orc:2    | Found an ancient bone altar of Kikubaaqudgha.
 38056 | Orc:2    | Paralysed by an orc sorcerer for 7 turns
 38126 | Orc:2    | Noticed Erolcha
 38134 | Orc:2    | Killed Erolcha
 38279 | Orc:2    | Found a radiant altar of Vehumet.
 38322 | Orc:2    | Found Rerew's Magic Scroll Boutique.
 38357 | Orc:2    | Found Nonisi's Antique Weapon Boutique.
 39394 | Orc:1    | Identified the +2 chain mail of Daffodils {Harm *Slow rElec
                  | Stlth+}
 39429 | Orc:1    | Identified the +0 pair of gloves of Noon {-Cast rElec rF+}
 39569 | Spider:1 | Entered Level 1 of the Spider Nest
 39835 | Spider:1 | Identified the +2 morningstar of a Gauntlet {vorpal, rPois
                  | rF+++ rC- Dex-3}
 40948 | Spider:2 | Noticed Louise
 41034 | Spider:2 | Killed Louise
 41511 | Spider:2 | Reached skill level 10 in Armour
 42635 | Spider:2 | Reached XP level 17. HP: 162/162 MP: 21/23
 42824 | Spider:3 | Noticed Arachne
 43113 | Spider:3 | Killed Arachne
 43379 | Spider:3 | Noticed Nikola
 43422 | Spider:3 | Killed Nikola
 44266 | Spider:4 | Entered Level 4 of the Spider Nest
 45013 | Spider:4 | HP: 7/166 [meliai/divine providence (11)]
 45018 | Spider:4 | Slain by a meliai

Illustrated notes

Levels and vault maps discovered:
D:1:      dpeg_arrival_renting, layout_basic,
          ebering_ecumenical_altar_petrified, grunt_decor_arrowhead
D:2:      layout_loops_ring
D:3:      layout_rooms, gammafunk_ghost_abyssal_escape, eino_tiny_chamber,
          uniq_sigmund
D:4:      kennysheep_six_static_rooms, layout_cave_pods,
          minmay_temple_entry_fiery
D:5:      layout_layer_cave, uniq_ijyb, uniq_eustachio
D:6:      lemuel_insect_pit, layout_basic
D:7:      layout_basic, biasface_ghost_orc_armoury, serial_shops,
          nicolae_shop_trees, uniq_maggie
D:8:      layout_gridville, enter_bailey_3, minivault_4, uniq_joseph
D:9:      layout_gridville, lair_entry_dummy, onia_ninara_dug_in_and_dangerous,
          uniq_grum
D:10:     cheibrodos_statue_roulette, layout_cave_pods,
          nicolae_overflow_crystal_walls
D:11:     cheibrodos_helix_gallery, layout_irregular_city
D:12:     layout_loops_cross, orc_0_dummy,
          nicolae_concentric_dashed_squares_wild, kennysheep_generic_room_15,
          uniq_azrael
D:13:     layout_loops_ring
D:14:     layout_loops_cross, david_vaults_3, gauntlet_entry_generic
D:15:     hangedman_depths_entry_try_elsewhere_first, layout_gridville,
          grunt_decor_junction, zin_statuary
Temple:   mainiacjoe_temple_trianglar_array
Lair:1:   layout_regular_city
Lair:2:   layout_cave_shapes, palyth_hydra_swamp_entry,
          hellmonk_spider_entry_not_the_bees, basic_altar, st_stairs_6,
          roderic_carrion_pond, uniq_amaemon
Lair:3:   layout_gridlike, ice2_lemuel
Lair:4:   layout_misc_corridors, grunt_megastairs_2
Lair:5:   layout_hall_layers, slime_dummy, lemuel_fruit_fields
Lair:6:   evilmike_catoblepas_cave, layout_misc_corridors,
          bobbens_dragon_lair_wall, serial_bayou_shore_a
Spider:1: layout_spider_delve
Spider:2: layout_spider_delve, nicolae_spider_wall_of_niches,
          nicolae_spider_cling_halls, uniq_louise
Spider:3: layout_spider_delve, nicolae_spider_stair_cavern, uniq_arachne,
          uniq_nikola
Spider:4: spider_rune_water, nicolae_spider_moth_buddies, uniq_asterion
Orc:1:    gammafunk_beogh_shrine, layout_caves, dreamdust_deal_with_the_devil
Orc:2:    kennysheep_orc_mage_school, layout_caves, special_room

Skill      XL: |  1  2  3  4  5  6  7  8  9 10 11 12 13 14 15 16 17 |
---------------+----------------------------------------------------+-----
Dodging        | 3 |  3.0
Unarmed Combat | 4 5 6 7 8 10 12 13 14 16 17 18 | 18.7
Shields        | 1 2 3 4 5 6 8 9 10 11 | 11.3
Fighting       | 4 5 6 7 9 10 11 12 14 15 17 18 | 18.4
Stealth        | 3 |  3.0
Invocations    | 2 4 5 7 8 10 | 10.0
Armour         | 2 4 5 6 8 10 | 10.0
Evocations     | 1 4 5 6 7 8 9 |  9.4

Action                   |  1- 3 |  4- 6 |  7- 9 | 10-12 | 13-15 | 16-18 || total
-------------------------+-------+-------+-------+-------+-------+-------++-------
Melee: Unarmed           |   127 |   159 |   337 |   749 |  1399 |   837 ||  3608
Throw: Dart              |       |       |     8 |    28 |     4 |     9 ||    49
       Boomerang         |       |       |     1 |     4 |       |       ||     5
Invok: Minor Destruction |       |       |    11 |    61 |    48 |    16 ||   136
       Major Destruction |       |       |       |       |       |     1 ||     1
 Abil: Evoke Blink       |       |       |       |     2 |     1 |       ||     3
Evoke: Wand              |       |       |       |       |     4 |       ||     4
  Use: Scroll            |     4 |     2 |     1 |    10 |     9 |     5 ||    31
       Potion            |       |       |     2 |     1 |       |     4 ||     7
 Stab: Sleeping          |     4 |     2 |     1 |       |       |       ||     7
Armor: Robe              |     7 |       |       |       |       |       ||     7
       Leather armour    |     5 |       |       |       |       |       ||     5
       Ring mail         |    24 |    57 |   115 |   286 |   343 |       ||   825
       Fire dragon scale |       |       |       |    31 |       |       ||    31
       Chain mail        |       |       |       |       |   302 |   679 ||   981
Dodge: Dodged            |    56 |    63 |   116 |   265 |   337 |   261 ||  1098
Block: Buckler           |    23 |    64 |   144 |    77 |       |       ||   308
       Reflection        |     2 |     2 |     1 |    21 |     8 |       ||    34
       Kite shield       |       |       |       |   548 |  1244 |  1063 ||  2855

Table legend: (Time is in decaauts)
 A = Elapsed time spent in this place.
 B = Non-inter-level travel time spent in this place.
 C = Inter-level travel time spent in this place.
 D = Time resting spent in this place.
 E = Time spent auto-exploring this place.
 F = Levels seen in this place.
 G = Mean time per level.
                   A        B        C        D        E       F      G
               +--------+--------+--------+--------+--------+-----+--------+
         Total |  44608 |  40758 |   3850 |  12819 |   6396 |  30 | 1486.9 |
       Dungeon |  20853 |  18812 |   2041 |   4593 |   4482 |  15 | 1390.2 |
        Temple |    424 |    374 |     50 |      0 |    369 |   1 |  424.0 |
          Lair |  12799 |  11513 |   1286 |   4733 |    827 |   6 | 2133.2 |
   Spider Nest |   5331 |   5009 |    322 |   2018 |    292 |   4 | 1332.8 |
  Orcish Mines |   2675 |   2526 |    149 |    401 |    225 |   2 | 1337.5 |
        Bailey |   1502 |   1502 |      0 |    808 |     13 |   1 | 1502.0 |
      Gauntlet |   1021 |   1021 |      0 |    266 |    188 |   1 | 1021.0 |
               +--------+--------+--------+--------+--------+-----+--------+

Top non-repeatable levels by time:
  Lair:2: 3291 daAuts
Spider:2: 2727 daAuts
  Lair:3: 2460 daAuts
  Lair:5: 2272 daAuts
  Lair:6: 2060 daAuts
     D:5: 1977 daAuts
     D:7: 1861 daAuts
     D:9: 1776 daAuts
    D:10: 1771 daAuts
  Lair:1: 1748 daAuts
     D:6: 1649 daAuts
    D:15: 1541 daAuts
  Bailey: 1502 daAuts
   Orc:2: 1465 daAuts
Spider:3: 1425 daAuts
